 Dungeon Crawl Stone Soup version 0.27-a0-1301-g128193abf8 (webtiles) character file.

Game seed: 10898023988297418334

154517 Gwenloh the Executioner (level 17, 0/150 (154) HPs)
             Began as a Minotaur Fighter on June 15, 2021.
             Was a Follower of Uskayaw.
             Slain by a thrashing horror (4 damage)
             ... on level 3 of the Abyss on June 17, 2021.
             The game lasted 02:50:46 (44653 turns).

Gwenloh the Executioner (Minotaur Fighter)         Turns: 44653, Time: 02:50:48

HP:   0/150 (154)   AC: 23    Str: 22    XL:     17   Next: 6%
MP:   28/28         EV: 15    Int:  6    God:    Uskayaw [*.....]
Gold: 3013          SH:  0    Dex: 23    Spells: 16/16 levels left

rFire    + . .     SeeInvis .   a - +9 battleaxe of Hengas {drain, Will+ rCorr Dex+2 Stlth-}
rCold    . . .     Faith    .   (shield currently unavailable)
rNeg     . . .     Spirit   .   E - +4 chain mail {rF+}
rPois    +         Reflect  .   (helmet restricted)
rElec    .         Harm     .   V - +1 cloak
rCorr    +         Rampage  .   u - +2 pair of gloves
Will     ++...                  Y - +1 pair of boots {Stlth+}
Stlth    ..........             y - amulet of magic regeneration
HPRegen  0.35/turn              d - ring of poison resistance
MPRegen  0.46/turn              Z - +6 ring of dexterity

@: brilliant, lightly drained
A: horns 2, retaliatory headbutt, high mp 1
a: Renounce Religion, Stomp


You were on level 3 of the Abyss.
You worshipped Uskayaw.
Uskayaw was pleased with you.
You visited 5 branches of the dungeon, and saw 26 of its levels.
You visited the Abyss 1 time.
You also visited: Sewer, Ossuary and Volcano.

You collected 3553 gold pieces.
You spent 540 gold pieces at shops.

Inventory:

Hand Weapons
 a - the +9 battleaxe of Hengas (weapon) {drain, Will+ rCorr Dex+2 Stlth-}
   (You bought it in a shop on level 2 of the Orcish Mines)

   A truly terrible weapon, it drains the life of those it strikes.
   It affects your dexterity (+2).
   It protects you from acid and corrosion.
   It increases your willpower.
   It makes you less stealthy.
 b - a +6 fustibalus
 G - a +2 vorpal war axe
 H - a +5 flail of freezing
Missiles
 i - 638 stones
 z - 6 throwing nets
 D - 14 silver boomerangs (quivered)
 X - 136 sling bullets
Armour
 c - a +0 kite shield
 u - a +2 pair of gloves (worn)
 E - a +4 chain mail of fire resistance (worn)
 V - a +1 cloak (worn)
 Y - a +1 pair of boots of stealth (worn)
Jewellery
 d - a ring of poison resistance (left hand)
 p - a ring of see invisible
 y - an amulet of magic regeneration (around neck)
 Z - a +6 ring of dexterity (right hand)
Wands
 n - a wand of charming (9)
 o - a wand of polymorph (17)
 F - a wand of digging (2)
 K - a wand of paralysis (14)
 L - a wand of mindburst (42)
 R - a wand of flame (63)
 S - a wand of acid (29)
 W - a wand of iceblast (34)
Scrolls
 g - 5 scrolls of fog
 k - 3 scrolls of identify
 m - a scroll of blinking
 s - 9 scrolls of teleportation
 t - a scroll of enchant weapon
 v - 3 scrolls of magic mapping
 w - a scroll of amnesia
 J - a scroll of enchant armour
 P - a scroll of summoning
 Q - 4 scrolls of silence
Potions
 e - 2 potions of mutation
 f - 3 potions of magic
 h - 6 potions of haste
 j - 4 potions of heal wounds
 l - 10 potions of flight
 q - 10 potions of ambrosia
 r - 6 potions of brilliance
 x - 11 potions of curing
 A - 4 potions of cancellation
 B - 2 potions of might
 I - 3 potions of berserk rage
 M - a potion of invisibility {unknown}
 O - a potion of attraction {unknown}
 T - a potion of resistance
 U - 2 potions of lignification {unknown}


   Skills:
 + Level 14.3 Fighting
 + Level 21.7 Axes
 + Level 14.8 Slings
 - Level 10.0 Armour
 - Level 10.0 Dodging
 - Level 3.6 Shields
 + Level 13.5 Invocations


You had 16 spell levels left.
You didn't know any spells.
Your spell library contained the following spells:

 Spells                   Type           Power      Damage    Failure   Level
 Animate Skeleton         Necr           0%         N/A       97%         1
 Apportation              Tloc           0%         N/A       97%         1
 Corona                   Hex            0%         N/A       97%         1
 Magic Dart               Conj           0%         1d3       97%         1
 Pain                     Necr           0%         1d4       97%         1
 Sandblast                Erth           0%         2d4       97%         1
 Summon Small Mammal      Summ           0%         N/A       97%         1
 Blink                    Tloc           N/A        N/A       99%         2
 Call Imp                 Summ           0%         N/A       99%         2
 Ensorcelled Hibernation  Hex/Ice        0%         N/A       99%         2
 Passwall                 Tmut/Erth      0%         N/A       99%         2
 Searing Ray              Conj           0%         3d3       99%         2
 Slow                     Hex            0%         N/A       99%         2
 Confusing Touch          Hex            0%         N/A       100%        3
 Conjure Flame            Conj/Fire      0%         6-21      100%        3
 Dazzling Flash           Conj/Hex       0%         N/A       100%        3
 Mephitic Cloud           Conj/Pois/Air  0%         N/A       100%        3
 Stone Arrow              Conj/Erth      0%         3d7       100%        3
 Tukima's Dance           Hex            0%         N/A       100%        3
 Vampiric Draining        Necr           0%         2d6       100%        3
 Animate Dead             Necr           0%         N/A       100%        4
 Fulminant Prism          Conj/Hex       0%         3d6       100%        4
 Iskenderun's Mystic Bla  Conj/Tloc      0%         2d3       100%        4
 Petrify                  Tmut/Erth      0%         N/A       100%        4
 Agony                    Necr           0%         N/A       100%        5
 Blade Hands              Tmut           0%         N/A       100%        5
 Bolt of Magma            Conj/Fire/Erth 0%         4d4       100%        5
 Borgnjor's Vile Clutch   Necr/Erth      0%         N/A       100%        5
 Irradiate                Conj/Tmut      0%         3d14      100%        5
 Iskenderun's Battlesphe  Conj           0%         2d6       100%        5
 Lee's Rapid Deconstruct  Erth           0%         3d5*      100%        5
 Death Channel            Necr           0%         N/A       100%        6
 Iron Shot                Conj/Erth      0%         9d1       100%        6
 Simulacrum               Ice/Necr       0%         N/A       100%        6
 Statue Form              Tmut/Erth      0%         N/A       100%        6
 Dragon Form              Tmut           0%         N/A       100%        7
 Orb of Destruction       Conj           0%         N/A       100%        7
 Spellforged Servitor     Conj/Summ      0%         N/A       100%        7
 Storm Form               Tmut/Air       0%         N/A       100%        7


Dungeon Overview and Level Annotations

Branches:
Dungeon (15/15)            Temple (1/1) D:5            Lair (6/6) D:11
 Shoals (2/4) Lair:2       Spider (0/4) Lair:2        Slime (0/5) Lair:5
    Orc (2/2) D:9             Elf (0/3) Orc:2        Vaults (0/5) D:13
 Depths (0/5) D:15          Sewer (visited)         Ossuary (visited)
Volcano (visited)

Altars:
Ashenzari
Cheibriados
Dithmenos
Elyvilon
Fedhas
Gozag
Hepliaklqana
Kikubaaqudgha
Makhleb
Nemelex Xobeh
Okawaru
Qazlal
Ru
Sif Muna
Trog
Uskayaw
Vehumet
Wu Jian
Xom
Yredelemnul
Zin
The Shining One
Beogh

Shops:
D:9 [   D:10 *   D:11 [   Orc:1 [   Orc:2 ([*:

Annotations:
D:15 Roxanne
Lair:5 exclusion: oklob plant
Shoals:2 Ilsuiw


Innate Abilities, Weirdness & Mutations

You have a pair of horns on your head.
You reflexively headbutt those who attack you in melee.
You have an increased reservoir of magic. (+10% MP)


Message History

The deep elf demonologist mumbles some strange words.
Okay, then.
As you read the scroll of fear, it crumbles to dust.
You assume a fearsome visage.
The quasit is unaffected.
The bone dragon is unaffected.
The Hell Sentinel is unaffected.
The starcursed mass is unaffected.
The thrashing horror is unaffected. x2
The deep elf demonologist looks frightened!
The deep elf elementalist looks frightened!
The ufetubus is unaffected. x2
The starcursed mass shrieks in your mind.
* * * LOW HITPOINT WARNING * * *
The deep elf demonologist cries, "Mercy!"
A blink frog comes into view.
You feel much better.
The blink frog gives a loud, deep croak!
The thrashing horror tramples you.
* * * LOW HITPOINT WARNING * * *
You stumble backwards!
The thrashing horror tramples you but does no damage.
The thrashing horror closely misses you.
The thrashing horror barely misses you.
The thrashing horror tramples you but does no damage.
The blink frog closely misses you. You furiously retaliate!
You headbutt the blink frog.
The sixfirhy hits you but does no damage.
The thrashing horror tramples you but does no damage.
The thrashing horror closely misses you.
A neqoxec comes into view.
The blink frog completely misses you. The balrug gestures at you.
Something smites you!
* * * LOW HITPOINT WARNING * * *
The thrashing horror roars!
The sixfirhy hits you.
* * * LOW HITPOINT WARNING * * *
The sixfirhy shocks you!
* * * LOW HITPOINT WARNING * * *
The sixfirhy completely misses you. You furiously retaliate!
You headbutt the sixfirhy. The thrashing horror tramples you.
You die...

## .. .# # .#.
###### ###.###
#..#.. #.....#
..... #F@##.
##..##
##X3##..##.Z.#
#..X.5D.R5Z.X
#.#..5..X°.○..
##..##5.##2.##
##.##.1##.e##
.... ..3 52.
#.. .......
.###.###3.##


You could see a Hell Sentinel (summoned), 2 thrashing horrors, a sixfirhy
(summoned), a blink frog, a quasit and an ufetubus (summoned).

Vanquished Creatures
  Agnes (D:15)
  A tentacled starspawn (Abyss:3)
  Louise (D:15)
  An orc warlord (Orc:1)
  A very ugly thing (D:13)
  An ophan (Abyss:3)
  A dire elephant (Lair:6)
  An ettin (D:15)
  12 hydras
  A merfolk avatar (Shoals:2)
  A rakshasa (D:13)
  8 boulder beetles
  4 catoblepae
  An ogre mage (D:13)
  11 centaur warriors (D:13)
  A deep troll shaman (Lair:6)
  3 tengu warriors (D:13)
  11 death yaks
  5 two-headed ogres
  4 orc high priests (Orc:2)
  Sonja (Orc:1)
  A large abomination (Abyss:3)
  A wretched star (Abyss:3)
  A sixfirhy (Abyss:3)
  2 skeletal warriors
  4 sea snakes
  3 deep trolls (D:15)
  A glowing orange brain (shapeshifter) (D:14)
  A flayed ghost (D:13)
  5 harpies (Shoals:1)
  8 orc knights
  2 lindwurms (Volcano)
  2 wizards
  A harpy (shapeshifter) (D:15)
  6 deep elf pyromancers
  26 ugly things
  A necromancer (D:15)
  5 fauns (Shoals:1)
  3 orc sorcerers
  A salamander (shapeshifter) (D:13)
  9 manticores
  8 cyclopes
  A merfolk siren (Shoals:1)
  3 toenail golems (Volcano)
  29 elephants
  A molten gargoyle (Volcano)
  Maurice (D:12)
  7 black mambas
  2 gargoyles (D:12)
  12 cane toads
  A yaktaur (D:13)
  3 unseen horrors
  4 rime drakes
  2 kobold demonologists
  Psyche (D:12)
  7 komodo dragons
  4 efreet
  3 harpy zombies (Shoals:1)
  A queen bee (shapeshifter) (D:14)
  A tengu conjurer (D:14)
  11 trolls
  3 polar bears
  4 wandering mushrooms (Lair:2)
  3 meliai (D:13)
  A queen bee (D:13)
  Grinder (D:6)
  A wind drake (Shoals:1)
  A merfolk (Shoals:1)
  5 raiju (Abyss:3)
  18 blink frogs
  15 slime creatures
  9 dream sheep
  Sigmund (D:4)
  2 snapping turtles (Shoals:1)
  A wyvern (Lair:4)
  2 wraiths
  3 centaur simulacra (D:12)
  4 vampires
  A ynoxinul (Abyss:3)
  54 yaks
  A redback (Lair:2)
  A steam dragon (D:10)
  4 basilisks
  4 fire elementals (Volcano)
  4 vampire mosquitoes
  A neqoxec (Abyss:3)
  4 wargs
  3 acid dragons
  10 water moccasins
  4 small abominations (Abyss:3)
  Duvessa (D:4)
  38 orc warriors
  Purgy (D:3)
  3 ice beasts
  A sky beast (D:5)
  A manticore zombie (Shoals:1)
  4 black bears
  3 boggarts (D:14)
  2 necrophages
  8 ogres
  8 centaurs
  26 wolves
  A phantom (D:5)
  An elf zombie (Ossuary)
  5 kobold brigands
  12 bullfrogs
  2 earth elementals (Volcano)
  A wyvern zombie (D:8)
  A wyvern skeleton (D:7)
  Dowan (D:4)
  32 killer bees
  A water moccasin skeleton (D:6)
  7 howler monkeys
  8 wights
  2 electric eels (D:12)
  A lava snake (Lair:5)
  A crimson imp (Abyss:3)
  2 centaur zombies (Ossuary)
  3 starcursed masses (Abyss:3)
  A hound (D:7)
  A human zombie (Ossuary)
  2 jellies (D:5)
  17 orc priests
  A bullfrog zombie (D:7)
  7 centaur skeletons
  Terence (D:3)
  4 iguanas
  10 orc wizards
  7 hell rats
  A killer bee zombie (D:6)
  2 mummies (Ossuary)
  A howler monkey zombie (D:10)
  A gnoll (D:3)
  7 adders
  5 river rats
  15 white imps
  6 ufetubi
  3 adder zombies (Ossuary)
  An adder skeleton (D:4)
  10 worms
  12 dart slugs
  49 orcs
  5 ball pythons
  5 endoplasms
  4 giant cockroaches
  3 goblins
  8 hobgoblins
  19 kobolds
  3 quokkas
  2 bats
  6 frilled lizards
  A goblin zombie (Ossuary)
  9 hobgoblin zombies (Ossuary)
  3 jackal zombies (Ossuary)
  9 kobold zombies (Ossuary)
  7 orc zombies (Ossuary)
  11 rats
  A rat zombie (Ossuary)
  A bush (Lair:6)
  3 fire vortices (Volcano)
862 creatures vanquished.

Vanquished Creatures (others)
  2 unseen horrors (D:13)
  A centaur simulacrum (D:13)
  A boggart (D:14)
  51 fungi
  49 plants
  6 starspawn tentacles (Abyss:3)
110 creatures vanquished.

Grand Total: 972 creatures vanquished

Notes
Turn   | Place    | Note
-------+----------+-------------------------------------------
     0 | D:1      | Gwenloh the Minotaur Fighter began the quest for the Orb.
     0 | D:1      | Reached XP level 1. HP: 19/19 MP: 0/0
   311 | D:1      | Reached skill level 3 in Axes
   389 | D:1      | Reached XP level 2. HP: 25/26 MP: 1/1
   617 | D:1      | Reached skill level 4 in Axes
   941 | D:2      | Reached XP level 3. HP: 31/31 MP: 2/2
  1600 | D:3      | Reached skill level 5 in Axes
  1774 | D:3      | Reached XP level 4. HP: 36/39 MP: 3/3
  1905 | D:3      | Noticed Terence
  1913 | D:3      | Killed Terence
  1914 | D:3      | Reached skill level 6 in Axes
  1990 | D:3      | Found a glowing drain.
  2017 | Sewer    | Entered a sewer
  2169 | Sewer    | Reached XP level 5. HP: 43/45 MP: 4/4
  2427 | Sewer    | Reached skill level 7 in Axes
  2765 | Sewer    | Reached skill level 8 in Axes
  2765 | Sewer    | Reached XP level 6. HP: 43/51 MP: 5/5
  3344 | Sewer    | Reached skill level 9 in Axes
  3821 | D:4      | Noticed Sigmund
  3841 | D:4      | Killed Sigmund
  3842 | D:4      | Reached XP level 7. HP: 38/57 MP: 6/6
  3863 | D:4      | Found a sand-covered staircase.
  3921 | Ossuary  | Entered an ossuary
  4063 | Ossuary  | Reached skill level 10 in Axes
  4799 | D:4      | Found an opulent altar of Gozag.
  4807 | D:4      | Noticed Dowan
  4826 | D:4      | Killed Dowan
  4827 | D:4      | Reached skill level 11 in Axes
  4848 | D:4      | Noticed Duvessa
  4995 | D:4      | Noticed Purgy
  5021 | D:3      | Killed Purgy
  5022 | D:3      | Reached XP level 8. HP: 62/64 MP: 7/7
  5110 | D:4      | Killed Duvessa
  5743 | D:5      | Entered Level 5 of the Dungeon
  5837 | D:5      | Reached skill level 12 in Axes
  6615 | D:5      | Reached skill level 5 in Fighting
  6615 | D:5      | Reached skill level 5 in Armour
  6920 | D:5      | Found a staircase to the Ecumenical Temple.
  6929 | Temple   | Entered the Ecumenical Temple
  6978 | Temple   | Became a worshipper of Uskayaw the Reveller
  7354 | D:5      | Reached * piety under Uskayaw
  7514 | D:6      | Noticed Grinder
  7515 | D:6      | Reached ** piety under Uskayaw
  7540 | D:6      | Paralysed by Grinder for 7 turns
  7765 | D:5      | Reached XP level 9. HP: 74/74 MP: 5/8
  7821 | D:6      | Killed Grinder
  7822 | D:6      | Reached skill level 1 in Invocations
  8237 | D:6      | Reached skill level 13 in Axes
  8473 | D:6      | Reached *** piety under Uskayaw
  8831 | D:6      | Found a basalt altar of Yredelemnul.
 10284 | D:7      | Upgraded the game from 0.27-a0-1291-geefcff550b to
                  | 0.27-a0-1299-g1ab19c6527
 10344 | D:8      | Found a shimmering blue altar of Sif Muna.
 10372 | D:8      | Reached XP level 10. HP: 86/86 MP: 11/11
 10615 | D:8      | Noticed a two-headed ogre
 10623 | D:8      | Killed a two-headed ogre
 10624 | D:8      | Reached skill level 14 in Axes
 10846 | D:9      | Noticed a two-headed ogre
 10857 | D:9      | Killed a two-headed ogre
 10979 | D:9      | Found Caumub's Armour Boutique.
 10997 | D:9      | Found a staircase to the Orcish Mines.
 11445 | D:9      | Found a glowing silver altar of Zin.
 11512 | D:10     | Entered Level 10 of the Dungeon
 11826 | D:10     | Reached **** piety under Uskayaw
 11837 | D:10     | Reached skill level 5 in Invocations
 12509 | D:10     | Found Aweesuc's Gadget Gallery.
 12768 | D:11     | Noticed a death yak
 12782 | D:11     | Reached skill level 15 in Axes
 12832 | D:11     | Noticed a death yak
 12855 | D:11     | Killed a death yak
 12856 | D:11     | Reached XP level 11. HP: 93/95 MP: 10/14
 12856 | D:11     | Noticed a death yak
 12869 | D:11     | Killed a death yak
 12871 | D:11     | Killed a death yak
 13113 | D:11     | Found a blossoming altar of Fedhas.
 13118 | D:11     | Found Quul's Antique Armour Boutique.
 13656 | D:11     | Found a staircase to the Lair.
 13711 | D:11     | Noticed a boulder beetle
 13931 | D:11     | Killed a boulder beetle
 14267 | Lair:1   | Entered Level 1 of the Lair of Beasts
 14290 | Lair:1   | Reached ***** piety under Uskayaw
 14292 | Lair:1   | Reached skill level 16 in Axes
 15197 | Lair:1   | Reached skill level 10 in Fighting
 15221 | Lair:1   | Reached skill level 10 in Armour
 15228 | Lair:1   | Reached XP level 12. HP: 105/106 MP: 11/16
 15642 | Lair:2   | Reached skill level 1 in Dodging
 16234 | Lair:2   | Found a staircase to the Shoals.
 16776 | Lair:2   | Reached skill level 17 in Axes
 17081 | Lair:2   | Found a hole to the Spider Nest.
 19149 | D:10     | Bought a wand of polymorph (11) for 208 gold pieces
 19474 | Lair:2   | Reached skill level 1 in Slings
 19636 | Lair:3   | Noticed a five-headed hydra
 19656 | Lair:3   | Killed a five-headed hydra
 20091 | Lair:3   | Found a hazy altar of Hepliaklqana.
 20532 | Lair:3   | Noticed a six-headed hydra
 20541 | Lair:3   | Killed a six-headed hydra
 20542 | Lair:3   | Noticed a four-headed hydra
 20551 | Lair:3   | Killed a four-headed hydra
 20805 | Lair:3   | Noticed a boulder beetle
 20815 | Lair:3   | Killed a boulder beetle
 20816 | Lair:3   | Reached skill level 5 in Dodging
 20816 | Lair:3   | Reached XP level 13. HP: 94/115 MP: 15/18
 21258 | Lair:4   | Reached skill level 5 in Slings
 21508 | Lair:4   | Reached skill level 18 in Axes
 23399 | Lair:5   | Found a staircase to the Slime Pits.
 25358 | Lair:6   | Entered Level 6 of the Lair of Beasts
 25502 | Lair:6   | Reached skill level 19 in Axes
 25922 | Lair:6   | Reached XP level 14. HP: 86/122 MP: 17/20
 26025 | Lair:6   | Reached skill level 10 in Invocations
 26335 | Lair:6   | Identified a scroll of acquirement
 26336 | Lair:6   | Acquired 563 gold pieces
 27128 | Lair:6   | Reached skill level 10 in Slings
 28393 | Orc:1    | Entered Level 1 of the Orcish Mines
 28455 | Orc:1    | Found a dark tunnel.
 28476 | Volcano  | Entered a volcano
 28927 | Volcano  | Reached skill level 20 in Axes
 29642 | Orc:1    | Found Kaopul's Antique Armour Shoppe.
 29720 | Orc:1    | Found a bloodstained altar of Trog.
 29894 | Orc:2    | Entered Level 2 of the Orcish Mines
 30600 | Orc:2    | Found Kiyng's Book Shop.
 30758 | Orc:2    | Found a staircase to the Elven Halls.
 30812 | Orc:2    | Found Oliedghy's Antique Armour Shop.
 31131 | Orc:2    | Noticed an orc warlord
 31183 | Orc:1    | Killed an orc warlord
 32354 | Orc:2    | Reached XP level 15. HP: 118/129 MP: 22/22
 32405 | Orc:2    | Found Gugirph's Antique Weapon Shop.
 32580 | Orc:2    | Found Wavo's General Store.
 32588 | Orc:2    | Bought 2 scrolls of identify for 56 gold pieces
 32769 | Orc:2    | Bought a brightly glowing battleaxe for 276 gold pieces
 32769 | Orc:2    | Identified the +9 battleaxe of Hengas {drain, Will+ rCorr
                  | Dex+2 Stlth-} (You bought it in a shop on level 2 of the
                  | Orcish Mines)
 32821 | Orc:1    | You fall into a shaft and drop 1 floor!
 33012 | Orc:1    | Noticed Sonja
 33022 | Orc:1    | Killed Sonja
 33689 | D:12     | Noticed Psyche
 33701 | D:12     | Killed Psyche
 34177 | D:12     | Found a frozen archway.
 34520 | D:12     | Noticed Maurice
 34525 | D:12     | Killed Maurice
 34906 | D:13     | Found a gate to the Vaults.
 34986 | D:13     | Reached skill level 10 in Dodging
 35256 | D:13     | Reached ****** piety under Uskayaw
 36780 | D:13     | Upgraded the game from 0.27-a0-1299-g1ab19c6527 to
                  | 0.27-a0-1301-g128193abf8
 36842 | D:13     | Identified the +1 scale mail "Jyggea" {Will+ Int-2 Slay+3}
 37704 | D:13     | Reached XP level 16. HP: 114/141 MP: 24/24
 37878 | D:13     | Reached skill level 21 in Axes
 40513 | D:15     | Entered Level 15 of the Dungeon
 40798 | D:15     | Noticed Agnes
 40807 | D:15     | Killed Agnes
 41290 | D:15     | Noticed Louise
 41319 | D:15     | Killed Louise
 41386 | D:15     | Identified Roxanne's Reference Book on the Mountains
 41386 | D:15     | Noticed Roxanne
 41406 | D:15     | Found a staircase to the Depths.
 42632 | Shoals:1 | Entered Level 1 of the Shoals
 43102 | Shoals:2 | Noticed Ilsuiw
 44150 | Shoals:1 | Cast into level 3 of the Abyss (merfolk impaler)
 44222 | Abyss:3  | Gained mutation: You have an increased reservoir of magic.
                  | (+10% MP) [a neqoxec]
 44368 | Abyss:3  | Reached XP level 17. HP: 70/152 MP: 23/23
 44644 | Abyss:3  | Noticed a bone dragon
 44647 | Abyss:3  | Noticed a Hell Sentinel
 44653 | Abyss:3  | HP: 4/150 [sixfirhy[a deep elf demonologist] (10)]
 44653 | Abyss:3  | Slain by a thrashing horror

Illustrated notes

Levels and vault maps discovered:
D:1:      lightli_arrival_windingriver, layout_basic, minivault_26,
          minmay_indecisive_spiral
D:2:      layout_loops_ring
D:3:      layout_basic, cheibrodos_sewer_entry_bend, minmay_quantized,
          uniq_terence
D:4:      layout_cave_pools, grunt_gozag_statues, chequers_ossuary_entry_cave,
          uniq_duvessa, uniq_purgy, uniq_sigmund
D:5:      kennysheep_slugbush, layout_loops_cross,
          minmay_temple_entry_drinking_statues
D:6:      layout_gridville, old_standard_altar, hex_large, uniq_grinder
D:7:      layout_basic
D:8:      layout_basic, nicolae_sif_muna_condensation
D:9:      layout_roguey, zin_scriptorium, serial_shops, shop, interstate_on_off
D:10:     layout_roguey, nicolae_shop_gadgets
D:11:     layout_basic, dpeg_lair_monsters, serial_shops, shop,
          fedhas_bush_and_centaur_altar
D:12:     layout_irregular_city, serial_ice, serial_ice_m, serial_ice_i,
          serial_ice_a, serial_ice_h, serial_ice_n, serial_ice_g,
          portal_ice_cave_entry_imps, uniq_psyche, uniq_maurice
D:13:     minmay_the_grid_square_5x5_5x5 [minmay_the_grid_square_5x5_moneybag,
          minmay_the_grid_square_5x5_fancy_junction,
          minmay_the_grid_square_5x5_percent, minmay_the_grid_square_5x5_inset,
          minmay_the_grid_square_5x5_meh, minmay_the_grid_square_5x5_misaligned,
          minmay_the_grid_square_5x5_prize_deathbox,
          minmay_the_grid_square_5x5_two_small,
          minmay_the_grid_square_5x5_prize_junk,
          minmay_the_grid_square_5x5_eight_small,
          minmay_the_grid_square_5x5_lines,
          minmay_the_grid_square_5x5_trominoes,
          minmay_the_grid_square_5x5_prize_waves,
          minmay_the_grid_square_5x5_two_walls_b,
          minmay_the_grid_square_5x5_inner_v,
          minmay_the_grid_square_5x5_hourglass,
          minmay_the_grid_square_5x5_prize_rear_guard,
          minmay_the_grid_square_5x5_seven,
          minmay_the_grid_square_5x5_prize_monsterx,
          minmay_the_grid_square_5x5_half_checkered,
          minmay_the_grid_square_5x5_minibox,
          minmay_the_grid_square_5x5_n_small,
          minmay_the_grid_square_5x5_gyroscope, minmay_the_grid_square_5x5_n,
          minmay_the_grid_square_5x5_six_small], layout_loops_ring,
          david_vaults_2, special_room [special_room_bee],
          minmay_unpleasant_kobolds
D:14:     layout_cave_pools
D:15:     hangedman_depths_entry_civil_slaughter, layout_loops_cross,
          minmay_misc_feat_chi, bh_walls_and_bars, uniq_louise, uniq_agnes,
          uniq_roxanne
Temple:   dpeg_five_rooms_temple
Lair:1:   layout_chaotic_city, patterned_corridor, lemuel_fruit_tree
Lair:2:   layout_gridlike, minmay_shoals_entry_centaurs, spider_nest_entry_webs,
          serial_bayou_crossing, minmay_lair_oklob_chamber, grunt_megastairs_5
Lair:3:   layout_chaotic_city, basic_altar, gauntlet_entry_generic, st_stairs_9,
          kennysheep_catoblepas_arena
Lair:4:   layout_cave_pods
Lair:5:   layout_gridlike, dpeg_slime_entry_corner, amcnicky_mini_pool_medium,
          grunt_megastairs_2, lemuel_fruit_fields
Lair:6:   grunt_lair_end_beastmaster, layout_regular_city
Shoals:1: layout_shoals, nicolae_shoals_undead_eyrie
Shoals:2: layout_shoals, serial_shops, nicolae_take_the_stairs, uniq_ilsuiw
Orc:1:    layout_caves, serial_shops, nicolae_lakefront_shop, enter_volcano_2,
          basic_altar, david_defended_altar_orc, uniq_sonja
Orc:2:    grunt_orc_gardens, layout_caves, grunt_orc_garden, grunt_orc_garden,
          grunt_orc_garden, grunt_orc_garden, basic_altar
Abyss:3:  base: D:5, hangedman_grunt_abyss_rune_horror_hoard, minivault_23,
          hangedman_abyss_feature_spike,
          evilmike_nicolae_abyss_rune_betentacled_crabyss

Skill      XL: |  1  2  3  4  5  6  7  8  9 10 11 12 13 14 15 16 |
---------------+-------------------------------------------------+-----
Axes           | 3 4 5 6 8 9 11 12 13 15 16 17 19 20 21 | 21.7
Fighting       | 5 7 8 10 11 12 14 | 14.3
Armour         | 5 7 8 10 | 10.0
Invocations    | 3 5 7 8 9 11 12 13 | 13.5
Dodging        | 5 7 9 10 | 10.0
Slings         | 4 9 11 13 14 | 14.8
Shields        | |  3.6

Action                   |  1- 3 |  4- 6 |  7- 9 | 10-12 | 13-15 | 16-18 || total
-------------------------+-------+-------+-------+-------+-------+-------++-------
Melee: War axe           |   100 |   147 |   257 |       |       |       ||   504
       Headbutt          |    12 |    25 |    73 |    70 |   256 |    92 ||   528
       Battleaxe         |       |       |    45 |   313 |   824 |   275 ||  1457
       Flail             |       |       |       |    10 |    14 |    35 ||    59
 Fire: Hunting sling     |       |       |    49 |   141 |   242 |    41 ||   473
       Fustibalus        |       |       |       |       |       |   182 ||   182
Throw: Stone             |    64 |    75 |    71 |       |     4 |     1 ||   215
       Dart              |       |     4 |    49 |     4 |   167 |       ||   224
       Boomerang         |       |       |    25 |   114 |    15 |    20 ||   174
       Javelin           |       |       |       |       |    16 |       ||    16
Invok: Stomp             |       |       |    25 |    53 |    60 |    12 ||   150
       Line Pass         |       |       |     1 |    15 |     8 |     7 ||    31
       Grand Finale      |       |       |       |       |     2 |       ||     2
Evoke: Wand              |       |       |       |    21 |     3 |       ||    24
       Phial of floods   |       |       |       |       |     1 |       ||     1
  Use: Scroll            |       |       |     6 |     5 |    17 |    11 ||    39
       Potion            |       |       |     3 |     2 |     4 |     5 ||    14
 Stab: Confused          |       |       |     2 |     3 |     5 |     7 ||    17
       Paralysed         |       |       |     1 |    25 |    76 |    28 ||   130
       Petrifying        |       |       |       |       |     1 |       ||     1
       Petrified         |       |       |       |       |     1 |       ||     1
       Distracted        |       |       |       |       |       |     2 ||     2
Armor: Scale mail        |    45 |    28 |    61 |       |       |       ||   134
       Chain mail        |       |       |   131 |   217 |   431 |   164 ||   943
Dodge: Dodged            |    20 |    29 |    81 |   188 |   449 |   201 ||   968
Block: Kite shield       |    38 |    39 |   117 |    10 |    28 |    35 ||   267

Table legend: (Time is in decaauts)
 A = Elapsed time spent in this place.
 B = Non-inter-level travel time spent in this place.
 C = Inter-level travel time spent in this place.
 D = Time resting spent in this place.
 E = Time spent auto-exploring this place.
 F = Levels seen in this place.
 G = Mean time per level.
                   A        B        C        D        E       F      G
               +--------+--------+--------+--------+--------+-----+--------+
         Total |  44654 |  42953 |   1701 |  12157 |  21848 |  30 | 1488.5 |
       Dungeon |  21370 |  20602 |    768 |   5170 |  11837 |  15 | 1424.7 |
        Temple |    270 |    222 |     48 |      0 |    207 |   1 |  270.0 |
          Lair |  14158 |  13485 |    673 |   4287 |   6464 |   6 | 2359.7 |
        Shoals |   1350 |   1350 |      0 |    353 |    552 |   2 |  675.0 |
  Orcish Mines |   3425 |   3213 |    212 |   1144 |   1241 |   2 | 1712.5 |
         Abyss |    480 |    480 |      0 |    280 |     37 |   1 |  480.0 |
         Sewer |   1679 |   1679 |      0 |    129 |   1206 |   1 | 1679.0 |
       Ossuary |    832 |    832 |      0 |      0 |    302 |   1 |  832.0 |
       Volcano |   1086 |   1086 |      0 |    791 |      0 |   1 | 1086.0 |
               +--------+--------+--------+--------+--------+-----+--------+

Top non-repeatable levels by time:
  Lair:2: 4067 daAuts
    D:13: 3033 daAuts
  Lair:5: 2722 daAuts
    D:12: 2691 daAuts
  Lair:6: 2332 daAuts
    D:15: 1933 daAuts
   Orc:2: 1889 daAuts
  Lair:1: 1786 daAuts
  Lair:3: 1783 daAuts
     D:6: 1727 daAuts
    D:11: 1725 daAuts
   Sewer: 1679 daAuts
   Orc:1: 1536 daAuts
     D:5: 1484 daAuts
  Lair:4: 1466 daAuts
